 Dungeon Crawl Stone Soup version 0.28.0-45-g0d030f2227 (webtiles) character file.

Game seed: 13840488478369923913

78 zeratav the Insei (level 4, -15/29 HPs)
             Began as an Octopode Transmuter on Apr 13, 2022.
             Demolished by an ogre
             ... wielding a +0 giant club
              (29 damage)
             ... on level 4 of the Dungeon.
             The game lasted 00:03:59 (3918 turns).

zeratav the Insei (Octopode Transmuter)             Turns: 3918, Time: 00:03:59

Health: -15/29     AC:  2    Str:  9    XL:     4   Next: 36%
Magic:  2/7        EV: 20    Int: 15    God:
Gold:   201        SH:  0    Dex: 19    Spells: 3/7 levels left

rFire   . . .      SeeInvis .     - Unarmed
rCold   . . .      Faith    .   (shield currently unavailable)
rNeg    . . .      Spirit   .   (helmet currently unavailable)
rPois   x          Reflect  .   (no amulet)
rElec   .          Harm     .   (no ring)
rCorr   .          Rampage  .   (no ring)
Will    .....                   (no ring)
Stlth   ++........              (no ring)
HPRegen 0.09/turn               (no ring)
MPRegen 0.10/turn               (no ring)
                                (no ring)
                                (no ring)

@: spider-form (expiring)
A: venomous fangs, almost no armour, (amphibious), 8 rings, tiny, (camouflage
1), (gelatinous body 1), (nimble swimmer 1), (tentacles)
a: End Transformation


You were on level 4 of the Dungeon.
You were a venomous arachnid creature.
You visited 1 branch of the dungeon, and saw 4 of its levels.

You collected 201 gold pieces.


Innate Abilities, Weirdness & Mutations

You are a venomous arachnid creature.
You have poisonous fangs.
You are tiny and dextrous.
Your spellcasting is less reliable in this form.
Your armour is entirely melded.
You are incapable of wielding weapons or throwing items.
You cannot wear most types of armour.
((You are amphibious.))
You can wear up to eight rings at the same time.
((Your skin changes colour to match your surroundings (Stealth+).))
((Your rubbery body absorbs attacks. (AC +1, EV +1)))
((You are camouflaged when in or above water. (Stealth+)))
((You have tentacles for arms and can constrict up to eight enemies at once.))


   Skills:
 + Level 2.0 Fighting
 + Level 2.6 Dodging
 + Level 2.2 Stealth
 * Level 3.9 Unarmed Combat
 - Level 2.0 Spellcasting
 - Level 2.0 Transmutations


You had 3 spell levels left.
You knew the following spells:

 Your Spells              Type           Power      Damage    Failure   Level
a - Beastly Appendage     Tmut           14%        N/A       24%         1
b - Spider Form           Tmut/Pois      4%         N/A       63%         3

Your spell library contained the following spells:

 Spells                   Type           Power      Damage    Failure   Level
 Wereblood                Tmut           7%         N/A       32%         2
 Ensorcelled Hibernation  Hex/Ice        2%         N/A       54%         2
 Ignite Poison            Fire/Tmut/Pois 3%         N/A       67%         3
 Conjure Flame            Conj/Fire      1%         6-21      75%         3
 Ice Form                 Ice/Tmut       4%         N/A       93%         4
 Anguish                  Hex/Necr       0%         N/A       98%         4
 Sticky Flame             Conj/Fire      1%         2d3       98%         4

Inventory:

Scrolls
 a - a scroll of blinking {unknown}
 b - 3 scrolls of identify {unknown}
 e - 2 scrolls of teleportation {unknown}
 f - a scroll of torment {unknown}
 g - 2 scrolls of enchant armour {unknown}
 h - a scroll of magic mapping {unknown}
 i - 2 scrolls of immolation {unknown}
 j - a scroll of holy word {unknown}
Potions
 c - a potion of brilliance {unknown}
 d - a potion of degeneration {unknown}
 k - 2 potions of mutation {unknown}

Dungeon Overview and Level Annotations

Branches:
Dungeon (4/15)
 Temple: D:4-7

Altars:
Fedhas

Annotations:
D:3 1 runed translucent door, Crazy Yiuf
D:4 Dowan, Duvessa, Grinder

#K....#....####≈≈....#
.e....###.##...##......
....# ##.##..##...... ...
...#......##...# ..
#.....)......##
#..#...#.......######...
.
##.#####...##...........
. #
#....O.##...#..######.
.....###s..##.########.##
..## ##..##...####..>...
#..#.##........#.#.
#.....(..###...##).
#..#..###..##.#####.
#..#...(......#####.
#...............##..
..............#....##.
....................#.


You could see an ogre (extremely poisoned).


Message History

Dowan is wielding a +0 dagger of venom and wearing a +1 robe of positive energy.
Found an escape hatch in the floor.
The kobold throws a stone.
The stone hits you.
HP[-1]
You take 1 damage, and now have 28/29 hp.
Casting: Beastly Appendage (safe; 10% risk of failure)
Confirm with . or Enter, or press ? or * to list all spells.
The spell is extremely dangerous to miscast (41% risk of failure)!
Continue anyway?
You miscast Spider Form.
You are very lightly contaminated with residual magic.
Nothing appears to happen.
MP[-3]
You lost 3 mp, and now have 3/7 mp.
Casting: Spider Form (extremely dangerous; 41% risk of failure)
Confirm with . or Enter, or press ? or * to list all spells.
The spell is extremely dangerous to miscast (41% risk of failure)!
Continue anyway?
You miscast Spider Form.
You feel incredibly sick!
You are poisoned.
You feel sick.
HP[-9] MP[-3]
You take 9 damage, and now have 19/29 hp.
MASSIVE DAMAGE!! (PAUSE)
You lost 3 mp, and now have 0/7 mp.
You feel sick.
HP[-1]
You take 1 damage, and now have 18/29 hp.
You feel sick.
HP[-1]
You take 1 damage, and now have 17/29 hp.
You feel sick.
HP[-1]
You take 1 damage, and now have 16/29 hp.
Your transformation is almost over.
You feel sick.
You are no longer poisoned.
MP[+1]
An ogre comes into view. It is wielding a +0 giant club.
The kobold throws a stone.
The stone closely misses you.
The kobold throws a stone.
The stone hits you but does no damage.
There is a stone staircase leading up here.
You climb upwards.
Level annotation: 1 runed translucent door, Crazy Yiuf
There is a stone staircase leading down here.
You start resting.
Your tentacle spike disappears.
Your magical contamination has completely faded away.
HP[+5] MP[+6]
You regained 5 hp, and now have 21/29 hp.
Your mp is fully restored (7).
You start resting.
HP[+8]
Your hp is fully restored (29).
You start waiting.
Done waiting.
Casting: Spider Form (extremely dangerous; 41% risk of failure)
Confirm with . or Enter, or press ? or * to list all spells.
The spell is extremely dangerous to miscast (41% risk of failure)!
Continue anyway?
You turn into a venomous arachnid creature.
MP[-3]
You lost 3 mp, and now have 4/7 mp.
Your transformation is almost over.
You climb downwards.
Level annotation: Dowan, Duvessa, Grinder The kobold throws a stone.
The stone barely misses you.
There is a stone staircase leading up here.
An orc comes into view. It is wielding a +0 hand axe.
The ogre shouts!
The kobold throws a stone.
The stone misses you. The kobold completely misses you.
You bite the kobold!
You kill the kobold!
k - 2 murky ruby potions You now have 201 gold pieces (gained 13).
Things that are here:
a +0 short sword {short}; 23 stones {throwing} MP[+1]
Your transformation has ended.
You tentacle-slap the ogre. The ogre barely misses you.
The ogre hits you with a +0 giant club!
Ouch! That really hurt!
* * * LOW HITPOINT WARNING * * *
HP[-15]
You take 15 damage, and now have 14/29 hp.
MASSIVE DAMAGE!! (PAUSE)
There is a stone staircase leading up here.
Casting: Spider Form (extremely dangerous; 41% risk of failure)
Confirm with . or Enter, or press ? or * to list all spells.
The spell is extremely dangerous to miscast (41% risk of failure)!
Continue anyway?
You turn into a venomous arachnid creature.
Your transformation is almost over.
The ogre misses you.
MP[-3]
You lost 3 mp, and now have 2/7 mp.
You hit the ogre.
The ogre is poisoned.
You hit the ogre.
The ogre looks as sick as possible!
The ogre completely misses you.
You hit the ogre but do no damage.
The ogre hits you with a +0 giant club!!
Ouch! That really hurt!
You die...

Skill      XL: |  1  2  3  4 |
---------------+-------------+-----
Stealth        | 1 2 |  2.2
Fighting       | 2 |  2.0
Dodging        | |  2.6
Unarmed Combat | |  3.9
Spellcasting   | |  2.0
Transmutations | |  2.0

Action                   |  1- 3 |  4- 6 || total
-------------------------+-------+-------++-------
Melee: Unarmed           |    80 |    31 ||   111
       Constrict         |    20 |     5 ||    25
       Tentacles         |    11 |     6 ||    17
       Kick              |    16 |     5 ||    21
       Punch             |     2 |       ||     2
 Cast: Beastly Appendage |    31 |    12 ||    43
       Spider Form       |       |     2 ||     2
  Use: Potion            |     2 |       ||     2
 Stab: Sleeping          |    10 |     3 ||    13
Armor: Skin              |     3 |     4 ||     7
Dodge: Dodged            |    44 |    24 ||    68

Levels and vault maps discovered:
D:1:      minmay_arrival_stone_box, layout_basic
D:2:      layout_loops_ring, shapermc_ecumenical_altar_ellora
D:3:      layout_basic, nicolae_overflow_crystal_walls, uniq_crazy_yiuf_cottage
D:4:      layout_cave_pools, serial_column_ruins,
          column_ruins_corridor_dead_end, column_ruins_grid_1,
          column_ruins_open_medium_water, column_ruins_columns_straight,
          column_ruins_open_medium, minmay_manual_mares, uniq_eustachio,
          uniq_duvessa, uniq_grinder

Notes
Turn   | Place    | Note
-------+----------+-------------------------------------------
     0 | D:1      | zeratav the Octopode Transmuter began the quest for the
                  | Orb.
     0 | D:1      | Reached XP level 1. HP: 13/13 MP: 3/3
     0 | D:1      | magus.rc [v1.9.6]
   227 | D:1      | Reached XP level 2. HP: 5/18 MP: 5/5
   497 | D:1      | Reached skill level 1 in Stealth
   766 | D:1      | HP: 3/18 [hobgoblin (4)]
  1267 | D:2      | You add the spells Conjure Flame, Ignite Poison and Sticky
                  | Flame to your library.
  1484 | D:2      | Reached XP level 3. HP: 19/23 MP: 4/6
  1890 | D:2      | Found a faded altar of an unknown god.
  2108 | D:3      | Found a blossoming altar of Fedhas.
  2284 | D:3      | HP: 4/24 [worm (4)]
  2686 | D:3      | Reached skill level 2 in Stealth
  2785 | D:3      | Reached XP level 4. HP: 29/29 MP: 5/7
  2863 | D:3      | Found a runed translucent door.
  2864 | D:3      | Noticed Crazy Yiuf
  3325 | D:4      | Noticed Grinder
  3463 | D:4      | You pick up a book of Dreams and begin reading...
  3463 | D:4      | You add the spells Ensorcelled Hibernation and Anguish to
                  | your library.
  3572 | D:4      | Learned a level 3 spell: Spider Form
  3596 | D:4      | Reached skill level 2 in Fighting
  3649 | D:4      | Noticed Duvessa
  3649 | D:4      | Noticed Dowan
  3659 | D:4      | Noticed an ogre
  3918 | D:4      | Demolished by an ogre

Vanquished Creatures
  An adder (D:3)
  An adder skeleton (D:4)
  A worm (D:3)
  A dart slug (D:2)
  An orc (D:3)
  5 ball pythons
  4 endoplasms
  4 giant cockroaches
  5 goblins
  4 hobgoblins
  7 jackals
  4 kobolds
  5 quokkas
  4 bats
  6 frilled lizards
  A rat (D:3)
54 creatures vanquished.

Table legend:
 A = Non-vault XP
 B = Vault XP
 C = Vault XP percentage of total XP
 D = Non-vault monster count
 E = Vault monster count
 F = Vault count percentage of total count
                 A         B        C        D         E       F
            +---------+---------+-------+---------+---------+-------
      Total |     112 |       0 |   0.0 |      54 |       0 |   0.0
            +---------+---------+-------+---------+---------+-------
        D:1 |      24 |       0 |   0.0 |      14 |       0 |   0.0
        D:2 |      25 |       0 |   0.0 |      15 |       0 |   0.0
        D:3 |      44 |       0 |   0.0 |      16 |       0 |   0.0
        D:4 |      19 |       0 |   0.0 |       9 |       0 |   0.0
            +---------+---------+-------+---------+---------+-------

Illustrated notes

Table legend:
 A = Kills in this place as a percentage of kills in entire the game.
 B = Kills by you in this place as a percentage of kills by you in the entire game.
 C = Kills by friends in this place as a percentage of kills by friends in the entire game.
 D = Other kills in this place as a percentage of other kills in the entire game.
 E = Experience gained in this place as a percentage of experience gained in the entire game.
 F = Experience gained in this place divided by the number of levels of this place that you have seen.
                   A       B       C       D       E      F
               +-------+-------+-------+-------+-------+----------------------
         Total | 100.0 | 100.0 |   N/A |   N/A | 100.0 |  28.0
       Dungeon | 100.0 | 100.0 |   N/A |   N/A | 100.0 |  28.0
               +-------+-------+-------+-------+-------+----------------------

Table legend: (Time is in decaauts)
 A = Elapsed time spent in this place.
 B = Non-inter-level travel time spent in this place.
 C = Inter-level travel time spent in this place.
 D = Time resting spent in this place.
 E = Time spent auto-exploring this place.
 F = Levels seen in this place.
 G = Mean time per level.
                   A        B        C        D        E       F      G
               +--------+--------+--------+--------+--------+-----+--------+
         Total |   3892 |   3748 |    144 |    720 |   2607 |   4 |  973.0 |
       Dungeon |   3892 |   3748 |    144 |    720 |   2607 |   4 |  973.0 |
               +--------+--------+--------+--------+--------+-----+--------+

Top non-repeatable levels by time:
     D:3: 1525 daAuts
     D:1: 1192 daAuts
     D:2: 877 daAuts
     D:4: 297 daAuts
